 Dungeon Crawl Stone Soup version 0.28.0-53-g5a82cb258f (webtiles) character file.

Game seed: 1416642365988351099

102213 pkoi the Transmogrifier (level 15, -1/102 (118) HPs)
             Began as a Demigod Air Elementalist on May 31, 2022.
             Slain by a spectral fenstrider witch (3 damage)
             ... called from beyond by a ghost crab
             ... on level 2 of the Swamp.
             The game lasted 01:07:50 (63713 turns).

pkoi the Transmogrifier (Demigod Air Elementalist) Turns: 63713, Time: 01:07:51

HP:   -1/102 (118)  AC: 11    Str:  9    XL:     15   Next: 39%
MP:   15/41         EV: 14    Int: 37    God:
Gold: 1949          SH:  0    Dex: 14    Spells: 6/32 levels left

rFire   + . .      SeeInvis .   U - staff of poison
rCold   + . .      Faith    .   (no shield)
rNeg    . . .      Spirit   .   l - +1 robe {rC+ rF+}
rPois   +          Reflect  .   i - +1 helmet
rElec   .          Harm     .   y - +2 cloak {rCorr}
rCorr   +          Rampage  .   (no gloves)
Will    +....                   f - +2 pair of boots
Stlth   ++........              P - amulet of regeneration
HPRegen 1.07/turn               S - ring of magical power
MPRegen 0.27/turn               x - ring of flight

@: flying, heavily drained
A: high MP 1, forlorn, divine attributes
a: no special abilities


You were on level 2 of the Swamp.
You visited 3 branches of the dungeon, and saw 23 of its levels.
You also visited: Sewer and Ice Cave.

You collected 1949 gold pieces.

Inventory:

Hand Weapons
 b - a +0 mace
 m - a +2 spear of venom
 H - the +5 long sword "Faryuc" {freeze, rElec Will+}
   (You found it on level 2 of the Lair of Beasts)

   It freezes those it strikes, dealing additional cold damage.
   It can also slow down cold-blooded creatures.
   rElec:     It insulates you from electricity.
   Will:      It increases your willpower.
Missiles
 c - 18 poisoned darts
 Q - 2 curare-tipped darts
Armour
 f - a +2 pair of boots (worn)
 i - a +1 helmet (worn)
 l - a +1 robe of resistance (worn)
 y - a +2 cloak of preservation (worn)
Magical Staves
 U - a staff of poison (weapon)
Jewellery
 x - a ring of flight (right hand)
 A - a ring of positive energy
 C - a +4 ring of protection
 O - a ring of resist corrosion
 P - an amulet of regeneration (around neck)
 S - a ring of magical power (left hand)
 T - a ring of protection from cold
Wands
 k - a wand of polymorph (21)
 w - a wand of flame (70)
 z - a wand of paralysis (9)
 E - a wand of iceblast (10)
 G - a wand of charming (3)
 J - a wand of digging (6)
Scrolls
 q - 3 scrolls of blinking
 r - 2 scrolls of fear
 t - 4 scrolls of fog
 u - 5 scrolls of magic mapping
 v - 9 scrolls of identify
 F - 3 scrolls of enchant weapon
 I - 4 scrolls of immolation
 K - 2 scrolls of enchant armour
 N - 2 scrolls of teleportation
Potions
 a - 2 potions of might
 d - 5 potions of haste
 e - 6 potions of curing
 g - 2 potions of heal wounds
 j - a potion of resistance
 n - 2 potions of berserk rage
 p - 4 potions of brilliance
 s - 2 potions of ambrosia
 L - a potion of invisibility
 M - 2 potions of flight


   Skills:
 - Level 7.0 Fighting
 - Level 6.0 Dodging
 - Level 3.0 Stealth
 + Level 12.2 Unarmed Combat
 - Level 9.0 Spellcasting
 - Level 6.0 Conjurations
 - Level 6.0 Translocations
 + Level 12.3 Transmutations
 + Level 5.0 Fire Magic
 - Level 10.0 Air Magic
 + Level 5.0 Poison Magic
 - Level 6.0 Evocations


You had 6 spell levels left.
You knew the following spells:

 Your Spells              Type           Power      Damage    Failure   Level
a - Shock                 Conj/Air       100%       1d9       1%          1
b - Static Discharge      Conj/Air       66%        N/A       1%          2
c - Airstrike             Air            37%        N/A       1%          4
d - Irradiate             Conj/Tmut      35%        3d25      1%          5
e - Blink                 Tloc           100%       N/A       1%          2
f - Blade Hands           Tmut           41%        N/A       1%          5
g - Olgreb's Toxic Radia  Pois           69%        N/A       3%          4
h - Ignite Poison         Fire/Tmut/Pois 83%        N/A       1%          3

Your spell library contained the following spells:

 Spells                   Type           Power      Damage    Failure   Level
 Beastly Appendage        Tmut           100%       N/A       0%          1
 Apportation              Tloc           100%       N/A       1%          1
 Sting                    Tmut/Pois      100%       1d8       1%          1
 Poisonous Vapours        Pois/Air       100%       N/A       1%          2
 Wereblood                Tmut           82%        N/A       1%          2
 Conjure Flame            Conj/Fire      55%        6-21      1%          3
 Lesser Beckoning         Tloc           57%        N/A       1%          3
 Spider Form              Tmut/Pois      88%        N/A       1%          3
 Swiftness                Air            74%        N/A       1%          3
 Petrify                  Tmut/Erth      58%        N/A       1%          4
 Animate Skeleton         Necr           32%        N/A       2%          1
 Pain                     Necr           64%        1d7       2%          1
 Slow                     Hex            64%        N/A       2%          1
 Summon Small Mammal      Summ           64%        N/A       2%          1
 Sticky Flame             Conj/Fire      55%        2d7       2%          4
 Lightning Bolt           Conj/Air       33%        1d50      2%          5
 Sublimation of Blood     Necr           16%        N/A       3%          2
 Manifold Assault         Tloc           57%        N/A       5%          5
 Confusing Touch          Hex            16%        N/A       7%          3
 Tukima's Dance           Hex            16%        N/A       7%          3
 Vampiric Draining        Necr           16%        2d7       7%          3
 Anguish                  Hex/Necr       8%         N/A       24%         4
 Dispersal                Tloc           28%        N/A       30%         6
 Dragon Form              Tmut           41%        N/A       13%         7
 Maxwell's Capacitive Co  Air            37%        ∞         95%         8
 Enfeeble                 Hex            8%         N/A       100%        7
 Disjunction              Tloc           28%        N/A       100%        8


Dungeon Overview and Level Annotations

Branches:
Dungeon (15/15)            Temple (0/1) D:4            Lair (6/6) D:8
  Swamp (2/4) Lair:4        Snake (0/4) Lair:2        Slime (0/5) Lair:6
    Orc (0/2) D:11         Vaults (0/5) D:13         Depths (0/4) D:15
  Sewer (visited)           IceCv (visited)

Shops:
D:6 (   D:14 *

Annotations:
D:14 2 transporters, dornbeast's ghost, journeyman DrSu


Innate Abilities, Weirdness & Mutations

You have an increased reservoir of magic. (+10% MP)
You shall have no god before yourself.
Your divine heritage dramatically boosts your attributes as you level up.


Message History

* * * LOW HITPOINT WARNING * * *
The spectral fenstrider witch hits you!
* * * LOW HITPOINT WARNING * * *
You feel drained.
* * * LOW HITPOINT WARNING * * *
The spectral fenstrider witch misses you.
Unknown command.
Aiming: Airstrike (safe; 1% risk of failure)
Press: ? - help, Q - select action, (/) - cycle Dir - move target, f/p - ghost crab
Aim: a ghost crab (heavily damaged, empty space bonus: 5/8)
The air twists around and strikes the ghost crab!
The ghost crab is heavily damaged.
You are engulfed in spectral mist.
* * * LOW HITPOINT WARNING * * *
The spectral fenstrider witch hits you!
* * * LOW HITPOINT WARNING * * *
You feel drained.
* * * LOW HITPOINT WARNING * * *
The spectral fenstrider witch kicks you.
* * * LOW HITPOINT WARNING * * *
You feel drained.
The spectral spriggan berserker hits you!
* * * LOW HITPOINT WARNING * * *
The spectral fenstrider witch hits you but does no damage.
The spectral fenstrider witch completely misses you.
Found 15 arrows.
The spectral fenstrider witch hits you!
* * * LOW HITPOINT WARNING * * *
The spectral fenstrider witch completely misses you.
The spectral spriggan berserker hits you but does no damage.
Aiming: Airstrike (safe; 1% risk of failure)
Press: ? - help, Q - select action, (/) - cycle Dir - move target, f/p - ghost crab
Aim: a ghost crab (spectral mist, heavily damaged, empty space bonus: 7/8)
The air twists around and strikes the ghost crab!
The ghost crab is almost destroyed.
The spectral fenstrider witch hits you!
* * * LOW HITPOINT WARNING * * *
You feel drained.
* * * LOW HITPOINT WARNING * * *
The spectral fenstrider witch kicks you.
You die...

≈≈≈.≈♣ ≈≈≈.≈.♣ ≈≈§..♣
≈≈≈...≈♣♣♣♣ .≈≈ ≈≈..≈♣
..≈≈≈≈≈....○♣♣(≈≈
...♣.♣♣..≈≈§≈≈≈≈...☼..≈≈
≈♣♣..♣♣.≈≈≈≈≈§≈≈....t.≈≈
♣♣♣♣♣♣.≈≈≈≈.....Z○♣≈○Z§≈
...♣≈....♣..☼○.☼.≈○≈
)≈≈§.≈.≈≈...Z○Z...≈≈≈
♣≈≈§≈.≈≈≈≈♣.)Z@○..≈≈≈≈
♣♣≈≈≈≈≈♣≈.≈≈♣..≈.≈≈≈≈≈≈
♣♣≈.§≈.♣♣......≈§.≈≈≈≈≈≈
♣..≈≈≈.♣.≈≈≈...≈≈≈≈≈≈≈≈≈
.≈§≈≈≈.♣..###.....≈.≈.≈♣
≈≈≈.≈..≈≈...#..♣≈.≈♣♣♣♣♣
≈.≈.≈≈≈.≈...#.≈.♣≈.≈♣
♣♣..≈≈≈.....#..≈≈.≈≈♣
♣≈≈≈≈...≈..#...≈♣..♣


You could see a ghost crab, 2 spectral death drakes, 2 spectral spriggan
berserkers and a spectral fenstrider witch (summoned).

Vanquished Creatures
  Gastronok (Lair:1)
  3 ghouls (Swamp:1)
  A stone giant (D:9)
  A fire dragon (D:15)
  An ice dragon (D:15)
  8 vault guards (D:13)
  3 catoblepae
  4 boulder beetles
  Erolcha (D:12)
  3 ghost crabs (Swamp:1)
  A centaur warrior (D:15)
  16 hydras
  5 two-headed ogres
  7 death yaks
  A deep troll shaman (Lair:6)
  5 alligators
  A spriggan berserker (D:15)
  A tengu warrior (D:14)
  Urug (Lair:3)
  Sonja (D:12)
  A swamp dragon (Swamp:1)
  2 spriggan druids
  A goliath frog (Swamp:1)
  A deep troll (D:9)
  A lindwurm (Lair:6)
  Pikel (D:7)
  An orc knight (D:15)
  10 ugly things
  A mana viper (shapeshifter) (D:13)
  3 cyclopes (D:13)
  3 manticores
  11 elephants
  A will-o-the-wisp (Swamp:2)
  Maurice (D:12)
  A molten gargoyle (Lair:4)
  4 black mambas
  A torpor snail (Lair:5)
  13 cane toads
  Psyche (D:12)
  An unseen horror (D:11)
  An efreet (D:9)
  9 rime drakes
  11 komodo dragons
  4 trolls
  2 polar bears
  A bloated husk (Swamp:2)
  4 tyrant leeches
  8 hornets
  4 meliai
  18 slime creatures
  Prince Ribbit (D:8)
  16 blink frogs
  7 spriggans
  2 vampires
  2 wraiths
  11 wyverns
  40 yaks
  A fire elemental (Lair:4)
  13 basilisks
  3 vampire mosquitoes (D:12)
  3 acid dragons (D:9)
  6 swamp worms
  12 water moccasins
  6 nagas (Lair:2)
  A floating eye (shapeshifter) (D:15)
  A swamp drake (Swamp:2)
  Pargi (Sewer)
  5 black bears
  15 orc warriors
  A hornet zombie (D:9)
  2 necrophages (Swamp:1)
  3 ogres
  33 wolves
  5 centaurs
  2 kobold brigands
  11 bullfrogs
  2 gnoll sergeants (D:6)
  2 scorpions
  A wyvern skeleton (D:7)
  A water moccasin skeleton (D:6)
  3 killer bees (D:9)
  5 wights (D:10)
  7 centaur zombies
  3 howler monkeys
  A crimson imp (D:5)
  2 komodo dragon simulacra (IceCv)
  A bullfrog zombie (D:6)
  11 orc priests
  A centaur skeleton (D:5)
  2 gnoll shamans
  3 hounds
  7 jellies (D:11)
  An iguana (D:4)
  16 orc wizards
  7 hell rats (Lair:4)
  A killer bee zombie (D:6)
  17 gnolls
  5 adders
  A howler monkey skeleton (D:7)
  4 acid dragon simulacra (IceCv)
  A shadow imp (D:5)
  16 white imps
  2 ufetubi (D:5)
  A steam dragon simulacrum (IceCv)
  2 adder skeletons
  4 worms
  36 orcs
  13 endoplasms
  7 giant cockroaches
  9 goblins
  4 hobgoblins
  5 jackals
  4 quokkas
  10 ball pythons
  6 bats
  5 frilled lizards
  20 kobolds
  A quokka skeleton (D:4)
  6 rats
645 creatures vanquished.

Vanquished Creatures (others)
  A spriggan berserker (D:15)
  A cyclops (D:12)
  A centaur zombie (D:9)
  A bush (Lair:4)
  86 fungi
  140 plants
230 creatures vanquished.

Grand Total: 875 creatures vanquished

Notes
Turn   | Place    | Note
-------+----------+-------------------------------------------
     0 | D:1      | pkoi the Demigod Air Elementalist began the quest for the
                  | Orb.
     0 | D:1      | Reached XP level 1. HP: 14/14 MP: 5/5
   589 | D:1      | Reached XP level 2. HP: 20/20 MP: 1/7
  1611 | D:2      | Reached XP level 3. HP: 21/26 MP: 0/8
  1778 | D:1      | Learned a level 2 spell: Static Discharge
  2850 | D:2      | Reached XP level 4. HP: 31/33 MP: 5/9
  3199 | D:3      | Reached skill level 5 in Air Magic
  3699 | D:3      | Reached XP level 5. HP: 38/38 MP: 4/10
  4600 | D:4      | Noticed an ogre
  4769 | D:4      | Found a staircase to the Ecumenical Temple.
  4845 | D:4      | Learned a level 4 spell: Airstrike
  5027 | D:4      | Killed an ogre
  5152 | D:4      | Noticed an ogre
  5162 | D:4      | Killed an ogre
  5163 | D:4      | Reached XP level 6. HP: 45/45 MP: 5/11
  5962 | D:5      | Entered Level 5 of the Dungeon
  6128 | D:5      | Reached skill level 1 in Fighting
  6739 | D:5      | Reached XP level 7. HP: 52/52 MP: 6/13
  8203 | D:6      | Learned a level 5 spell: Irradiate
  8210 | D:6      | Reached skill level 1 in Conjurations
  8250 | D:6      | Found a glowing drain.
  8259 | Sewer    | Entered a sewer
  8355 | Sewer    | Noticed Pargi
  8360 | Sewer    | Killed Pargi
  8361 | Sewer    | Reached skill level 1 in Transmutations
  8361 | Sewer    | Reached XP level 8. HP: 62/62 MP: 4/16
 10487 | D:6      | Found Qock's Weapon Shop.
 11140 | D:7      | Learned a level 2 spell: Blink
 11958 | D:7      | Noticed a hornet
 11961 | D:7      | Killed a hornet
 11962 | D:7      | Reached XP level 9. HP: 71/71 MP: 5/19
 12117 | D:7      | Noticed Pikel
 12129 | D:7      | Killed Pikel
 12130 | D:7      | Reached skill level 1 in Unarmed Combat
 12130 | D:7      | Reached skill level 1 in Translocations
 13168 | D:8      | Noticed Prince Ribbit
 13170 | D:8      | Killed Prince Ribbit
 13387 | D:8      | Reached skill level 5 in Dodging
 14990 | D:8      | Reached skill level 5 in Spellcasting
 15322 | D:8      | Found a staircase to the Lair.
 15773 | D:9      | Reached XP level 10. HP: 68/78 MP: 10/21
 16872 | D:9      | Noticed a two-headed ogre
 17357 | D:8      | Killed a two-headed ogre
 17358 | D:8      | Reached skill level 5 in Conjurations
 17698 | D:9      | Reached skill level 5 in Transmutations
 19463 | D:9      | Noticed a cyan ugly thing
 19673 | Lair:1   | Entered Level 1 of the Lair of Beasts
 19759 | Lair:1   | Noticed Gastronok
 19795 | Lair:1   | Killed Gastronok
 19796 | Lair:1   | Reached XP level 11. HP: 64/84 MP: 1/24
 19948 | Lair:1   | Reached skill level 5 in Unarmed Combat
 20008 | Lair:1   | Found a frozen archway.
 20130 | IceCv    | Entered an ice cave
 20823 | IceCv    | Learned a level 5 spell: Blade Hands
 21609 | Lair:1   | Reached skill level 1 in Evocations
 23021 | Lair:2   | Found a staircase to the Snake Pit.
 23691 | Lair:2   | Noticed a death yak
 23691 | Lair:2   | Noticed a death yak
 23691 | Lair:2   | Noticed a death yak
 23693 | Lair:2   | Noticed a death yak
 23693 | Lair:2   | Noticed a death yak
 23816 | Lair:2   | Noticed an eight-headed hydra
 23820 | Lair:2   | Killed an eight-headed hydra
 23998 | Lair:2   | Noticed a four-headed hydra
 24005 | Lair:2   | Killed a four-headed hydra
 24249 | Lair:2   | Identified the +5 long sword "Faryuc" {freeze, rElec Will+}
 24274 | Lair:2   | Identified the +2 ring mail of Gehenna {rF- rN+++ MP+9
                  | Stlth+}
 24407 | Lair:2   | Killed a death yak
 25053 | Lair:2   | Killed a death yak
 25054 | Lair:2   | Reached skill level 5 in Translocations
 25278 | Lair:2   | Killed a death yak
 25279 | Lair:2   | Reached skill level 10 in Air Magic
 25674 | Lair:2   | Killed a death yak
 25675 | Lair:2   | Reached XP level 12. HP: 88/91 MP: 2/25
 26441 | Lair:3   | Noticed Urug
 27038 | Lair:3   | Killed Urug
 27168 | Lair:3   | Noticed an eight-headed hydra
 27172 | Lair:3   | Killed an eight-headed hydra
 28916 | Lair:4   | Noticed a four-headed hydra
 29196 | Lair:4   | Found a staircase to the Swamp.
 29439 | Lair:3   | Killed a four-headed hydra
 29440 | Lair:3   | Reached skill level 5 in Evocations
 29769 | Lair:4   | Noticed a five-headed hydra
 30737 | Lair:4   | Noticed a seven-headed hydra
 30742 | Lair:4   | Killed a seven-headed hydra
 32074 | Lair:4   | Killed a five-headed hydra
 32462 | Lair:5   | Reached XP level 13. HP: 99/99 MP: 2/27
 32639 | Lair:5   | Reached skill level 5 in Fighting
 32835 | Lair:5   | You fall into a shaft and drop 1 floor!
 32835 | Lair:6   | Entered Level 6 of the Lair of Beasts
 36711 | Lair:6   | Found a staircase to the Slime Pits.
 37449 | Lair:6   | Reached skill level 10 in Transmutations
 38552 | Lair:6   | Reached skill level 10 in Unarmed Combat
 41546 | D:9      | Reached XP level 14. HP: 111/111 MP: 9/29
 43966 | D:10     | Entered Level 10 of the Dungeon
 46670 | D:11     | Found a staircase to the Orcish Mines.
 48348 | D:12     | Noticed Psyche
 48692 | D:12     | Killed Psyche
 49263 | D:12     | Noticed Maurice
 49271 | D:12     | Killed Maurice
 49690 | D:12     | Noticed Erolcha
 49694 | D:12     | Killed Erolcha
 50464 | D:12     | Noticed Sonja
 50466 | D:12     | Killed Sonja
 50789 | D:12     | Learned a level 4 spell: Olgreb's Toxic Radiance
 50793 | D:12     | Learned a level 3 spell: Ignite Poison
 50873 | D:13     | Found a gate to the Vaults.
 50882 | D:13     | Reached skill level 1 in Fire Magic
 50882 | D:13     | Reached skill level 1 in Poison Magic
 53892 | D:14     | You fall into a shaft and drop 1 floor!
 53892 | D:15     | Entered Level 15 of the Dungeon
 54584 | D:14     | Found Textihal's Mass Market.
 54658 | D:14     | Identified the +8 trident "Orb Guardian's Peril" {protect,
                  | rF+}
 54711 | D:14     | Found a transporter.
 54714 | D:14     | Found a transporter.
 55051 | D:14     | Noticed dornbeast's ghost (journeyman DrSu)
 55957 | D:15     | Reached XP level 15. HP: 118/118 MP: 21/32
 56688 | D:15     | Found a staircase to the Depths.
 56778 | D:15     | HP: 2/118 [spriggan berserker/+0 hand axe (33)]
 57354 | Swamp:1  | Entered Level 1 of the Swamp
 62903 | Swamp:1  | Reached skill level 5 in Poison Magic
 63215 | Swamp:2  | Reached skill level 5 in Fire Magic
 63713 | Swamp:2  | HP: 2/102 [spectral fenstrider witch[a ghost crab] (4)]
 63713 | Swamp:2  | Slain by a spectral fenstrider witch

Illustrated notes

Levels and vault maps discovered:
D:1:      lemuel_arrival_hallway, layout_loops_ring
D:2:      layout_rooms, hellmonk_ecumenical_altar_zigzags
D:3:      minmay_inner_zag, layout_basic, dk_vineyard_2, grunt_ministairs_7
D:4:      layout_loops_ring, minmay_temple_entry_large_hall,
          grunt_ministairs_11, kennysheep_another_room
D:5:      layout_rooms, nicolae_wu_jian_immortal_techniques,
          minmay_fire_ice_demons
D:6:      layout_rooms, serial_shops, nicolae_shop_bloodbath_and_beyond,
          cheibrodos_sewer_entry_drain
D:7:      layout_cave_pods, uniq_pikel
D:8:      layout_rooms, grunt_lair_entry_orc_guard_hut, uniq_prince_ribbit1
D:9:      minmay_the_grid_4x2 [minmay_the_grid_large_cup,
          minmay_the_grid_tiny_cups, minmay_the_grid_aliased_spiral,
          minmay_the_grid_mess, minmay_the_grid_diamond_grid,
          minmay_the_grid_slots, minmay_the_grid_x,
          minmay_the_grid_prize_diamond_cup], layout_rooms
D:10:     layout_loops_cross
D:11:     lemuel_slime, layout_cave_pods, orc_0_dummy, dk_noncrumbling_2
D:12:     layout_grid_maze, uniq_psyche, uniq_maurice, uniq_sonja, uniq_erolcha
D:13:     layout_basic, erik_vaults_2
D:14:     layout_big_octagon, gammafunk_ghost_wrathful_warriors,
          nicolae_dithmenos_shadow_blocks, chequers_serial_rivers_micro_c,
          minmay_shop_mass, kennysheep_generic_room_8
D:15:     grunt_enter_depths_hoard, layout_long_grid,
          minmay_guarded_unrand_wrath_of_trog
Lair:1:   layout_long_grid, basic_altar, portal_ice_cave_entry_imps,
          uniq_gastronok
Lair:2:   layout_long_grid, minmay_snake_entry_guardpost_medium, minivault_25
Lair:3:   layout_chaotic_city, st_stairs_4, uniq_urug
Lair:4:   layout_gridlike, minmay_swamp_entry_worms, special_room
          [special_room_mythical_zoo], serial_bayou_shore_b
Lair:5:   layout_concentric_octagons
Lair:6:   grunt_lair_end_beastmaster, layout_regular_city, slime_dummy,
          grunt_forest_large_clearings
Swamp:1:  layout_basic_swamp, hangedman_swamp_ruin_wall, swamp_pool1
Swamp:2:  layout_basic_swamp, evilmike_swamp_ruin_house_2

Skill      XL: |  1  2  3  4  5  6  7  8  9 10 11 12 13 14 15 |
---------------+----------------------------------------------+-----
Air Magic      | 3 4 5 6 7 8 9 10 | 10.0
Dodging        | 2 3 4 5 6 |  6.0
Spellcasting   | 2 3 4 5 6 7 9 |  9.0
Fighting       | 1 2 4 6 7 |  7.0
Conjurations   | 1 2 4 6 |  6.0
Transmutations | 1 2 4 5 7 8 10 11 12 | 12.3
Unarmed Combat | 2 4 6 8 10 11 12 | 12.2
Translocations | 3 5 6 |  6.0
Stealth        | 3 |  3.0
Evocations     | 3 5 6 |  6.0
Fire Magic     | 3 5 |  5.0
Poison Magic   | 3 5 |  5.0

Action                   |  1- 3 |  4- 6 |  7- 9 | 10-12 | 13-15 || total
-------------------------+-------+-------+-------+-------+-------++-------
Melee: Mace              |    24 |       |       |       |       ||    24
       Spear             |       |    15 |    23 |    50 |       ||    88
       Unarmed           |       |       |       |    10 |    18 ||    28
       Punch             |       |       |       |     7 |    11 ||    18
       Long sword        |       |       |       |    16 |    79 ||    95
 Cast: Shock             |    89 |   129 |   116 |    54 |    16 ||   404
       Static Discharge  |     1 |    10 |    26 |    90 |    76 ||   203
       Airstrike         |       |     2 |    90 |   278 |   559 ||   929
       Blink             |       |       |       |     2 |       ||     2
       Irradiate         |       |       |       |     7 |    57 ||    64
       Blade Hands       |       |       |       |     1 |     1 ||     2
       Olgreb's Toxic Ra |       |       |       |       |    16 ||    16
       Ignite Poison     |       |       |       |       |    18 ||    18
  Use: Scroll            |       |     6 |    10 |     9 |     7 ||    32
       Potion            |       |       |     4 |       |     2 ||     6
 Stab: Sleeping          |       |     1 |     1 |       |     1 ||     3
Armor: Robe              |     4 |     5 |    35 |   100 |   211 ||   355
Dodge: Dodged            |    38 |    34 |    92 |   211 |   256 ||   631
